[Event "Early-Titled-Tuesday-Blitz-October-17-2023"]
[Site "Chess.com"]
[Date "2023.10.17"]
[Round "1"]
[White "Aslanov_Umid"]
[Black "vladislavkovalev"]
[Result "0-1"]
[WhiteElo "2501"]
[BlackElo "2864"]
[TimeControl "180+1"]
[EndTime "8:08:20 PDT"]
[Termination "vladislavkovalev won by checkmate"]

1. e4 e5 2. Nf3 Nc6 3. Bc4 Nf6 4.
d3 Bc5 5. O-O d6 6. c3 a6 7. a4 h6 8. Nbd2 Ba7 9. Re1 O-O 10.
h3 Be6 11. Bb3 Re8 12. Bc2 d5 13. Qe2 dxe4 14. dxe4 Nh5 15. Nf1 Qf6 16. N3h2 Nf4 17. Bxf4 exf4 18. Nf3 g5 19. e5 Qg7 20. Nd4 Nxd4 21. cxd4 Bxd4 22. Qe4 c5 23. Qxb7 Rab8 24. Qxa6 Rxb2 25. Qd3 Rd8 26. Qe4 Qg6 27. Qxd4 cxd4 28. Bxg6 fxg6 29. Reb1 Rxb1 30. Rxb1 Ra8 31. Ra1 Ra5 32. Nd2 Bd7 33. Nb3 Rxe5 34. a5 d3 35.
a6 Bc6 36. a7 Re8 37. Rd1 Ra8 38. Rxd3 Rxa7 39. Rd6 Be8 40. Nd4 Bf7 41. Nc6 Ra1+ 42.
Kh2 Re1 43. g3 Kg7 44. Kg2 Be8 45. Nd4 Kf7 46. gxf4 gxf4 47. Kf3 Rh1 48. Kg2 Rd1 49. Nb5 Rb1 50. Nc3 Rb3 51. Ne4 Rb4 52. Nd2 Rb2 53. Nc4 Rc2 54. Ne5+ Kg7 55. Nd3 Rd2 56. Kf3 g5 57. Rd4 Bh5+ 58. Ke4 Bg6+ 59. Kf3 Rxd3+ 60. Rxd3 Bxd3 61. Kg4 Kg6 62. f3 Bf5# 0-1

[Event "Early-Titled-Tuesday-Blitz-October-17-2023"]
[Site "Chess.com"]
[Date "2023.10.17"]
[Round "1"]
[White "chrisclaireredfield"]
[Black "frederiksvane"]
[Result "0-1"]
[WhiteElo "2508"]
[BlackElo "2909"]
[TimeControl "180+1"]
[EndTime "8:08:21 PDT"]
[Termination "frederiksvane won on time"]

1. Nf3 d6 2. e4 e5 3. d4 exd4 4. Nxd4 Nf6 5. Nc3 Be7 6. Bc4 O-O 7. Bb3 Nbd7 8. O-O Nc5 9. Re1 c6 10. Bf4 Re8 11. Qf3 a5 12. a4 Nxb3 13. Nxb3 Qb6 14. Be3 Qc7 15. h3 Nd7 16. Rad1 Ne5 17. Qg3 Ng6 18.
Nd4 Bh4 19. Qf3 Bf6 20. Nf5 Ne5 21. Qg3 d5 22. Nxg7 Bxg7 23. Bh6 f6 24. exd5 Bf5 25.
d6 Qf7 26. Ne4 Bxe4 27. Rxe4 Qg6 28. Qxg6 hxg6 29. Bxg7 Kxg7 30. d7 Red8 31. f4 Nf7 32. Re7 b6 33. Rd6 Kf8 34. Rde6 Kg7 35. Rxc6 Ra7 36. Rxb6 Raxd7 37. Ree6 Rd6 38. Rexd6 Nxd6 39. b3 Nf5 40. c4 Rd1+ 41. Kf2 Rd2+ 42. Kf3 Nh4+ 43.
Ke4 Nxg2 44. c5 Rc2 45. c6 f5+ 46. Ke5 Re2+ 47. Kd6 Rd2+ 48. Ke7 Re2+ 49. Kd7 Rd2+ 50. Ke7 Re2+ 51. Kd7 Rd2+ 52. Kc8 Nxf4 53. c7 Nd5 54. Rb7 Kf6 55. Kb8 Ne7 56. c8=Q Nxc8 57. Kxc8 Rd3 58. b4 axb4 59. Rxb4 Rxh3 60. Kb7 Ra3 61.
Kb6 g5 62. a5 g4 63. a6 g3 64. a7 g2 0-1

[Event "Early-Titled-Tuesday-Blitz-October-17-2023"]
[Site "Chess.com"]
[Date "2023.10.17"]
[Round "1"]
[White "stollenmonster"]
[Black "MidnightFox"]
[Result "1/2-1/2"]
[WhiteElo "2805"]
[BlackElo "2484"]
[TimeControl "180+1"]
[EndTime "8:08:24 PDT"]
[Termination "Game drawn - insufficient material"]

1. e4 c5 2. Nf3 d6 3. d4 cxd4 4. Nxd4 Nf6 5. Nc3 a6 6. a4 e5 7. Nde2 Be7 8. g3 O-O 9. Bg2 Be6 10. h3 Nbd7 11. O-O Rc8 12. a5 b5 13. axb6 Qxb6 14.
b3 Rc7 15. Be3 Qb7 16. Nd5 Nxd5 17. exd5 Bf5 18. c4 Rb8 19. Ra3 Nc5 20. g4 Bg6 21. f4 exf4 22. Nxf4 Nxb3 23. Nxg6 hxg6 24. Qf3 Bf6 25.
Bf4 Nd4 26. Qd3 Qb6 27. Kh1 Re7 28. c5 Qxc5 29. Rxa6 Be5 30. Be3 Qb5 31. Qxb5 Nxb5 32. Rb1 Reb7 33. Rc6 Nd4 34. Rxb7 Rxb7 35. Rc8+ Kh7 36.
Rc1 Ne2 37. Re1 Rb2 38. Ba7 Nf4 39. Bf1 Nxh3 40. Bxh3 Rh2+ 41. Kg1 Rxh3 42. Bf2 Bg3 43. Kg2 Bxf2 44. Re7 Rg3+ 45. Kxf2 Rxg4 46. Rxf7 Rg5 47. Rd7 Rxd5 48. Kf3 g5 49. Re7 Kg6 50. Re6+ Kf5 51.
Re8 Rd3+ 52. Ke2 Ra3 53. Rd8 Ra6 54. Ke3 Kg4 55. Rg8 Kg3 56. Rxg7 g4 57. Rg8 Ra5 58. Ke2 Re5+ 59. Kf1 Rd5 60. Rg7 Rd2 61. Rg8 d5 62. Rg5 d4 63. Rg8 d3 64. Ke1 Re2+ 65. Kd1 Kf3 66. Rd8 g3 67. Rxd3+ Kf2 68. Rxg3 Re1+ 69.
Kd2 Re2+ 70. Kd1 Re1+ 71. Kd2 Re2+ 72. Kd3 Kxg3 73. Kxe2 1/2-1/2

[Event "Early-Titled-Tuesday-Blitz-October-17-2023"]
[Site "Chess.com"]
[Date "2023.10.17"]
[Round "1"]
[White "knightinshiningarmour16"]
[Black "vladgoncharov"]
[Result "1/2-1/2"]
[WhiteElo "2123"]
[BlackElo "2539"]
[TimeControl "180+1"]
[EndTime "8:08:24 PDT"]
[Termination "Game drawn by agreement"]

1. d4 Nf6 2. Nf3 e6 3. c4 Bb4+ 4. Nc3 O-O 5. Qc2 c5 6. dxc5 Nc6 7. Bg5 h6 8. Bh4 g5 9. Bg3 Qa5 10. Rc1 Bxc5 11. e3 d5 12. a3 d4 13. exd4 Nxd4 14. Nxd4 Bxd4 15. Bd3 Bd7 16. O-O Bxc3 17. Qxc3 Qxc3 18.
Rxc3 Bc6 19. Be5 Nd7 20. Bd6 Rfe8 21. b4 b6 22. c5 bxc5 23. bxc5 Nf6 24. f3 Nd5 25.
Rcc1 Nf4 26. Ba6 Rad8 27. Rfd1 Nh5 28. Kf2 Ng7 29. Be5 Nf5 30. Bf6 Rxd1 31. Rxd1 Ne7 32. Be5 Nd5 33. Bd6 f6 34. Bd3 Kf7 35. Be4 Rd8 36. Bxd5 Bxd5 37. Rb1 Rd7 38. Rb4 Rb7 39. Rxb7+ Bxb7 40. Ke3 e5 41. g3 Ke6 42. f4 exf4+ 43. gxf4 g4 44. Kf2 Kf5 45. Kg3 Bf3 46. h3 h5 47.
hxg4+ hxg4 48. Bb8 a5 49. Bc7 a4 50. Ba5 Ke6 51. Bb4 f5 52. Kh4 Bc6 53. Kg3 Kd5 54. Kf2 Kc4 55. Kg3 Kd3 56. Kf2 Kd4 57. Kg3 Ke4 58.
Bc3 Kd5 59. Bb4 Kd4 60. Kf2 Be4 61. Kg3 Bc6 62. Kf2 Kd3 63. Kg3 Ke3 64. Bc3 Ke4 65. Bb4 Bd5 66. Bc3 Bc6 1/2-1/2

[Event "Early-Titled-Tuesday-Blitz-October-17-2023"]
[Site "Chess.com"]
[Date "2023.10.17"]
[Round "1"]
[White "C_K_G"]
[Black "MasterKroket"]
[Result "0-1"]
[WhiteElo "1892"]
[BlackElo "2529"]
[TimeControl "180+1"]
[EndTime "8:08:24 PDT"]
[Termination "MasterKroket won by resignation"]

1. e4 e5 2. Nf3 Nc6 3. Bc4 Bc5 4. c3 Nf6 5. d4 exd4 6. cxd4 Bb4+ 7. Nc3 Nxe4 8. O-O Bxc3 9. d5 Bf6 10. Re1 O-O 11.
Rxe4 Ne7 12. Bg5 Ng6 13. h4 d6 14. Bxf6 Qxf6 15. h5 Ne5 16. Nxe5 dxe5 17. Qe2 Bd7 18. Rxe5 Rfe8 19. Re1 Rxe5 20. Qxe5 Qxe5 21. Rxe5 Kf8 22.
f3 b5 23. Bb3 a5 24. Kf2 f6 25.
Re3 c5 26. dxc6 Bxc6 27. Re6 Rc8 28. g4 Bd7 29. Re2 b4 30. Bd5 Be8 31. Be6 Rc6 32.
Bb3 Bf7 33. Bxf7 Kxf7 34. f4 Rc4 35. Kg3 a4 36. Kh4 Rxf4 37. Rc2 g5+ 38. hxg6+ Kxg6 39. Kg3 Rd4 40. Kf3 h6 41. Rh2 Rd3+ 42. Ke4 Rd1 43. Rc2 Ra1 44. Rc4 a3 45. Rxb4 Rxa2 46. bxa3 Rxa3 47. Kf4 Ra1 48. Rc4 Rf1+ 49. Kg3 Re1 50.
Kf4 Re5 51. Rb4 Rc5 52. Ra4 Kf7 53. Rb4 Rd5 54. Ra4 Ke6 55. Rb4 Rd1 56. Ra4 Rf1+ 57. Kg3 Rg1+ 58. Kf4 Kf7 59. Rb4 Kg6 60. Ra4 Rh1 61.
Rb4 Kg7 62. Ra4 h5 63. gxh5 Rh4+ 64. Kf5 Rxa4 0-1

[Event "Early-Titled-Tuesday-Blitz-October-17-2023"]
[Site "Chess.com"]
[Date "2023.10.17"]
[Round "1"]
[White "campochess"]
[Black "ArmanGhevondyanchess"]
[Result "0-1"]
[WhiteElo "2148"]
[BlackElo "2552"]
[TimeControl "180+1"]
[EndTime "8:08:25 PDT"]
[Termination "ArmanGhevondyanchess won by resignation"]

1. e4 c5 2. Nc3 Nc6 3. g3 g6 4.
Bg2 Bg7 5. Nge2 d6 6. d3 h5 7. h3 h4 8. g4 Nd4 9. Nxd4 cxd4 10.
Ne2 e5 11. c3 dxc3 12. bxc3 Ne7 13. Be3 Be6 14. d4 Rc8 15. Rc1 Qa5 16. Qd2 Qxa2 17. Qxa2 Bxa2 18. Ra1 Bc4 19. Rxa7 Ba6 20. Kd2 Nc6 21.
Rxa6 bxa6 22. Ra1 Ra8 23. d5 Ne7 24. Bb6 Kd7 25. c4 Rhb8 26. c5 dxc5 27. Bxc5 Rb2+ 28. Kd3 Bh6 29. Nc3 a5 30. Na4 Rd2+ 31. Kc4 Nc8 32. Rb1 Nd6+ 33. Bxd6 Kxd6 34. Rb6+ Kc7 35. Rf6 Rc8 36.
Rxf7+ Kd6+ 37. Kb5 Rb8+ 38. Ka6 Rc2 39. Bf1 Ra8+ 40.
Kb7 Rcc8 41. Rf6+ Ke7 42. Rc6 Rab8+ 43. Ka7 Ra8+ 44. Kb7 Rcb8+ 45. Kc7 Bd2 46. Nb6 Bb4 47. Re6+ Kf7 48. Nxa8 Rxa8 49. Kb7 Re8 50. Rc6 Rf8 51. d6 Ke6 52. Bc4+ Kd7 53. Rb6 Bxd6 54. Bb5+ Ke7 55. Kc6 Rc8+ 56. Kb7 Rb8+ 57. Ka6 Rxb6+ 58. Kxb6 Bb4 59.
Kc6 Kf6 60. f3 Kg5 61. Kd5 Kf4 62. Be8 g5 63. Bc6 Bc3 64. Ke6 Kxf3 65. Kf5 Kg3 66.
Kxg5 Kxh3 67. Kh5 Kg3 68. g5 Bb4 69. g6 Bf8 70. Kg5 h3 71. Kf6 h2 72. Kf7 Bh6 0-1

[Event "Early-Titled-Tuesday-Blitz-October-17-2023"]
[Site "Chess.com"]
[Date "2023.10.17"]
[Round "1"]
[White "tptagain"]
[Black "noblerone"]
[Result "1-0"]
[WhiteElo "2943"]
[BlackElo "2514"]
[TimeControl "180+1"]
[EndTime "8:08:26 PDT"]
[Termination "tptagain won by resignation"]

1. Nf3 d5 2. c4 c6 3. e3 Nf6 4.
Nc3 a6 5. h3 b5 6. b3 Bf5 7.
Nh4 Bg6 8. Nxg6 hxg6 9. d4 e6 10. Bd3 Bd6 11. O-O Nbd7 12. Re1 O-O 13. Bb2 Rb8 14.
Qc2 Re8 15. Rad1 b4 16. Na4 a5 17. e4 dxe4 18. Bxe4 Nxe4 19. Qxe4 Rc8 20. Qf3 Qh4 21. Re4 Qh5 22. Qxh5 gxh5 23. Re2 Be7 24. g4 hxg4 25.
hxg4 Bf6 26. Bc1 g5 27. Kg2 Kg7 28. Be3 Kg6 29. Red2 Rh8 30. Rh1 Rxh1 31. Kxh1 Rd8 32.
Kg2 Rh8 33. f3 Re8 34. Bf2 Rh8 35. d5 cxd5 36. cxd5 exd5 37. Rxd5 Ne5 38. Nc5 Rc8 39. Rd6 Kg7 40. Ra6 Rd8 41. Ne4 Be7 42. Rxa5 f6 43.
Ra7 Kf8 44. Be3 Rd3 45. Kf2 Ke8 46. Ke2 Rd7 47. Rxd7 Kxd7 48. Bd4 Ke6 49. Ke3 Ng6 50. Bc5 Bxc5+ 51. Nxc5+ Kd5 52. Nd3 Nh4 53. Nxb4+ Ke5 54. Nd3+ Kd5 55. Nb4+ Kc5 56. Nc2 Ng6 57. Ke4 Nh4 58. Ne3 Kd6 59. b4 Kc6 60. a4 Kb6 61. Nd5+ Kc6 62. Nxf6 1-0

[Event "Early-Titled-Tuesday-Blitz-October-17-2023"]
[Site "Chess.com"]
[Date "2023.10.17"]
[Round "1"]
[White "I_am_Javi"]
[Black "Treasurechess777"]
[Result "1-0"]
[WhiteElo "2741"]
[BlackElo "2448"]
[TimeControl "180+1"]
[EndTime "8:08:27 PDT"]
[Termination "I_am_Javi won on time"]

1. e4 Nf6 2. Nc3 e6 3. d4 d5 4. e5 Nfd7 5. f4 c5 6. Nf3 Nc6 7. Be3 a6 8. Qd2 b5 9. Ne2 c4 10. c3 g6 11. g4 h5 12. gxh5 Rxh5 13. Ng3 Rh8 14. h4 Be7 15. h5 Nf8 16. hxg6 Nxg6 17.
Rxh8+ Nxh8 18. Qh2 Ng6 19. Bh3 Nh4 20. Kf2 Nxf3 21.
Kxf3 Kd7 22. f5 Bg5 23. fxe6+ fxe6 24. Bxe6+ Kc7 25. Bxg5 Qxg5 26. Bxd5 Bg4+ 27. Kg2 Rf8 28. Rf1 Rxf1 29. Kxf1 Ne7 30. Qh7 Qc1+ 31. Kg2 Qxb2+ 32. Kg1 Qc1+ 33. Nf1 Qg5 34. Bg2 Kb6 35. Qh8 Ka5 36. Qd8+ Ka4 37. Qd6 a5 38. Qf6 Qxf6 39. exf6 Ng6 40.
Ne3 Bd7 41. Be4 Nf8 42. Bb1 Be6 43. Kf2 b4 44. Nd1 Ka3 45. Ke3 b3 46. axb3 cxb3 47. Bd3 Ka2 48. c4 a4 49. d5 Bd7 50. Kd4 a3 51. Nc3+ Ka1 52. c5 b2 53. c6 Bc8 54.
d6 Be6 55. d7 Bxd7 56. cxd7 Nxd7 57. f7 Nf8 58. Ke5 a2 59. Kf6 b1=Q 60. Bxb1 axb1=Q 61. Nxb1 Kxb1 62. Ke7 Ng6+ 63. Ke6 Nf8+ 64. Kf6 Nd7+ 65. Ke7 Ne5 66. Kf6 Nd7+ 67. Kg7 1-0

[Event "Early-Titled-Tuesday-Blitz-October-17-2023"]
[Site "Chess.com"]
[Date "2023.10.17"]
[Round "1"]
[White "diamonds13"]
[Black "NovoselovRoman"]
[Result "1-0"]
[WhiteElo "2297"]
[BlackElo "2591"]
[TimeControl "180+1"]
[EndTime "8:08:28 PDT"]
[Termination "diamonds13 won by checkmate"]

1. d4 e6 2. c4 b6 3. e4 Bb7 4. f3 d6 5. Nc3 Nf6 6. Bg5 Be7 7. Nh3 Nbd7 8. Qd2 h6 9. Be3 a6 10. Nf2 c5 11. d5 Ne5 12. h3 exd5 13. cxd5 b5 14.
f4 Ng6 15. g4 Nh4 16. O-O-O b4 17. Nb1 a5 18. Bb5+ Kf8 19. g5 hxg5 20. fxg5 Nd7 21. Ng4 Nf3 22. Qf2 Nxg5 23. Nd2 Ne5 24. Nxe5 dxe5 25.
h4 Nh7 26. d6 Qxd6 27. Bc4 Nf6 28. Nf3 Qc7 29. Ng5 a4 30. Bxf7 Bc8 31. h5 Rh6 32.
Bc4 a3 33. b3 Qb6 34. Nf7 Ng4 35. Qf3 Rf6 36. Qe2 Nxe3 37. Qxe3 Rxf7 38. Bxf7 Kxf7 39.
h6 Qg6 40. Qf3+ Ke8 41. h7 Qg5+ 42. Kb1 Bf6 43. h8=Q+ Kf7 44. Qhh5+ Qxh5 45. Qxh5+ Ke7 46.
Qg6 Be6 47. Rhf1 c4 48. Rxf6 gxf6 49. Qg7+ Bf7 50. Rd7+ Kxd7 51. Qxf7+ Kc6 52. Qxf6+ Kc5 53. Qxe5+ Kb6 54. Qd6+ Kb5 55. Qd5+ Kb6 56. Qxa8 cxb3 57. axb3 a2+ 58. Kxa2 Kb5 59. Qd5+ Kb6 60. e5 Ka6 61. Qc5 Kb7 62. Qxb4+ Ka6 63. Qd6+ Ka7 64. e6 Kb7 65. e7 Ka7 66. e8=Q Kb7 67. Qee7+ Ka8 68. Qdd8# 1-0

[Event "Early-Titled-Tuesday-Blitz-October-17-2023"]
[Site "Chess.com"]
[Date "2023.10.17"]
[Round "1"]
[White "GameOverBro"]
[Black "attack2mateU"]
[Result "0-1"]
[WhiteElo "2431"]
[BlackElo "2722"]
[TimeControl "180+1"]
[EndTime "8:08:30 PDT"]
[Termination "attack2mateU won by resignation"]

1. e4 c5 2. Ne2 Nf6 3. Nbc3 d6 4.
g3 g6 5. Bg2 Nc6 6. d4 cxd4 7.
Nxd4 Nxd4 8. Qxd4 Bg7 9. O-O O-O 10. a4 Qc7 11. Bg5 Be6 12. Qd2 Rfc8 13. Rac1 Qa5 14.
Rfe1 Re8 15. b3 Rac8 16. Nd5 Qxd2 17. Bxd2 Nd7 18. c4 Nc5 19. Rb1 Bd7 20. Bg5 Kf8 21. Be3 e6 22. Nf4 Bc6 23. Bxc5 dxc5 24. e5 Red8 25.
Bxc6 Rxc6 26. Rb2 Rc7 27. Ng2 Rcd7 28. f4 Rd3 29. Re3 f6 30. Rxd3 Rxd3 31. exf6 Bxf6 32. Rb1 Bd4+ 33. Kh1 Ke7 34. Ne1 Rc3 35. Kg2 Kf6 36.
Kf1 e5 37. fxe5+ Kxe5 38. Ke2 Ke4 39. Kd2 g5 40. Ke2 h5 41. b4 cxb4 42. Rxb4 b6 43.
Rb5 Bc5 44. a5 Rxc4 45. axb6 axb6 46. Nf3 Rc2+ 47. Nd2+ Kd4 48. Kd1 Ra2 49. Rb3 g4 50. Ke2 Ra3 51. Rb1 Re3+ 52. Kd1 Re8 53. Nb3+ Kd3 54.
Nd2 Bd4 55. Rb3+ Bc3 56. Rxb6 Bxd2 57. Rd6+ Ke3 58. Rxd2 Kf3 59. Rd3+ Kg2 60. Rd2+ Kh3 61. Rd5 Rh8 62. Rd2 h4 63. gxh4 Rxh4 64. Ke1 Rh8 65. Kf1 Ra8 66. Rf2 Ra1+ 67. Ke2 Rh1 68. Rf6 Rxh2+ 69.
Kf1 Rh1+ 70. Kf2 g3+ 71. Kf3 Rf1+ 72. Ke2 Rxf6 0-1

[Event "Early-Titled-Tuesday-Blitz-October-17-2023"]
[Site "Chess.com"]
[Date "2023.10.17"]
[Round "1"]
[White "Misticpikachu"]
[Black "chessfatbear"]
[Result "0-1"]
[WhiteElo "2460"]
[BlackElo "2803"]
[TimeControl "180+1"]
[EndTime "8:08:31 PDT"]
[Termination "chessfatbear won by resignation"]

1. c4 Nf6 2. Nc3 g6 3. e4 d6 4.
d4 Bg7 5. h3 c6 6. Be3 a6 7. g4 b5 8. cxb5 axb5 9. Bg2 b4 10.
Na4 O-O 11. Ne2 Ba6 12. b3 Bb5 13. O-O Bxa4 14. bxa4 Qa5 15. a3 bxa3 16. Rxa3 Nfd7 17. Qc2 c5 18. e5 cxd4 19. Nxd4 Nxe5 20. f4 Ned7 21.
Bxa8 Qxa8 22. Qg2 Qa6 23. Bf2 Nc5 24. Nf3 Nd3 25. Rb1 Nd7 26. Qf1 N7c5 27. Bxc5 Nxc5 28. Qxa6 Nxa6 29. Rb7 e6 30. a5 Ra8 31. Kg2 Nc5 32. Rc7 h6 33. Rc6 Bf8 34. a6 Kg7 35. a7 d5 36. Ra2 Nd3 37. Rb6 Nxf4+ 38. Kh1 Bc5 39. Rb7 Kf6 40. Nd2 g5 41. Nb3 Be3 42. Kh2 Ke5 43.
Rxf7 d4 44. Na5 d3 45. Nc4+ Kd4 46. Nxe3 Kxe3 47. Rb7 d2 48. Rb3+ Nd3 49. Ra1 Ke2 50. Rbb1 e5 51. Rd1 e4 52. Rdb1 e3 53. Kg1 Nc1 54.
Rxc1 dxc1=Q+ 55. Rxc1 Rxa7 56. Kg2 Ra2 57. Kg3 Rd2 58. Kg2 Rd1 59. Rc2+ Rd2 60. Rc1 Rd1 61. Rc2+ Kd3 62. Rc7 e2 63. Rd7+ Kc4 64. Rc7+ Kb5 0-1

[Event "Early-Titled-Tuesday-Blitz-October-17-2023"]
[Site "Chess.com"]
[Date "2023.10.17"]
[Round "1"]
[White "Nf3c5"]
[Black "GAusal"]
[Result "1-0"]
[WhiteElo "2602"]
[BlackElo "2275"]
[TimeControl "180+1"]
[EndTime "8:08:31 PDT"]
[Termination "Nf3c5 won on time"]

1. e4 e5 2. Bc4 Nc6 3. d3 f5 4. Bxg8 Rxg8 5. Qh5+ g6 6. Qxh7 Rg7 7. Qh8 f4 8. h4 Nd4 9. Na3 d6 10. h5 Be6 11. hxg6 Qf6 12. c3 Nc6 13. Nf3 O-O-O 14. Bd2 Qxg6 15. Rh2 d5 16. Qh5 Bxa3 17. Qxg6 Rxg6 18.
bxa3 dxe4 19. dxe4 Bc4 20. Nh4 Rgd6 21. Nf3 Bd3 22.
Ng5 Bc2 23. Nf7 Rxd2 24. Nxd8 Rxd8 25. f3 Ba4 26. Rc1 b6 27. Rh7 Rg8 28. Kf2 Rd8 29.
Ke1 Na5 30. Rg7 Nc4 31. g3 Rd3 32. Ke2 Re3+ 33. Kf2 fxg3+ 34. Rxg3 Rd3 35. Ke2 Re3+ 36. Kf2 Rd3 37. Rg8+ Kb7 38. Ke2 Rd2+ 39. Ke1 Rxa2 40. Rf8 Rxa3 41. f4 exf4 42. Rxf4 Ra2 43. Kf1 Ne3+ 44.
Kg1 Rg2+ 45. Kh1 Bc6 46. Re1 Rg3 47. Kh2 Rg2+ 48. Kh3 Rc2 49. Rxe3 a5 50. e5 a4 51. c4 Rb2 52. e6 Rb3 53. Rxb3 axb3 54. Rf2 Be8 55.
Kg4 Kc6 56. Rb2 Kc5 57. Rxb3 Kxc4 58. Rf3 Kd5 59. Kf5 Bc6 60. e7 Kd6 61. Re3 b5 62.
Kf6 Kc5 63. Rc3+ 1-0

[Event "Early-Titled-Tuesday-Blitz-October-17-2023"]
[Site "Chess.com"]
[Date "2023.10.17"]
[Round "1"]
[White "guillembaches"]
[Black "kleinebeer98"]
[Result "1-0"]
[WhiteElo "2520"]
[BlackElo "2857"]
[TimeControl "180+1"]
[EndTime "8:08:40 PDT"]
[Termination "guillembaches won on time"]

1. d4 Nf6 2. Nf3 Nc6 3. Bg5 e6 4. Nbd2 h6 5. Bh4 g5 6. Bg3 g4 7. Ne5 Nxd4 8. e3 Nf5 9. Nxg4 d5 10. Bd3 Nxg3 11. hxg3 Bg7 12. c3 Bd7 13. Ne5 Qe7 14.
Ndf3 O-O-O 15. Nxd7 Nxd7 16. Qa4 Kb8 17. Qh4 Bf6 18.
Qh5 e5 19. Bf5 Nc5 20. O-O Rhg8 21. Rad1 e4 22. Nd4 Rg5 23. Qh3 Nd3 24. Rxd3 exd3 25.
Bxd3 h5 26. Rd1 Rdg8 27. Nf5 Qe8 28. Nh4 Rg4 29. Bf5 Ra4 30. a3 Bxh4 31. gxh4 Qb5 32. Rd2 Ra6 33. g3 Rf6 34. Bd3 Qc5 35. Bf1 a6 36. Bg2 Rd8 37. Qh1 c6 38. Kh2 Rg8 39. Qd1 Rg4 40. Bf3 Rg8 41. Bxh5 Qd6 42. Bf3 Rh6 43.
Rd4 Rgh8 44. Rf4 f5 45. Kg2 Rg8 46. Qd3 Rf6 47. c4 Rd8 48. cxd5 cxd5 49. Rb4 Rf7 50. Qb3 Rc7 51. Rd4 Qe5 52. Qd3 Qe6 53. Rf4 Qe5 54.
Rxf5 Qxb2 55. Rxd5 Rxd5 56. Qxd5 Rc2 57. Kh3 Rxf2 58. h5 Rh2+ 59. Kg4 Qg7+ 60. Qg5 Qd7+ 61.
Qf5 Qg7+ 62. Qg5 Qd7+ 63. Qf5 Qd8 64. Qf4+ Ka7 65. Qe4 Qg8+ 66. Qg6 Qc8+ 67. Qf5 Qg8+ 68. Qg6 Qd8 69. Qe4 Qc7 70. Qf5 Qc4+ 71. Qf4 Qc7 72. Qxc7 1-0

[Event "Early-Titled-Tuesday-Blitz-October-17-2023"]
[Site "Chess.com"]
[Date "2023.10.17"]
[Round "1"]
[White "Thormento16"]
[Black "Sadykov_Ramil"]
[Result "1/2-1/2"]
[WhiteElo "2302"]
[BlackElo "2604"]
[TimeControl "180+1"]
[EndTime "8:08:40 PDT"]
[Termination "Game drawn - insufficient material"]

1. e4 c5 2. Nf3 e6 3. d4 cxd4 4. Nxd4 Nf6 5. Nc3 Bb4 6. Bd3 O-O 7. O-O Bxc3 8. bxc3 e5 9. Nf5 d5 10. Ng3 Nc6 11.
exd5 Nxd5 12. c4 Nf4 13. Bxf4 exf4 14. Ne4 Bf5 15. Nc5 Qg5 16. Bxf5 Qxf5 17. Qd5 Qxc2 18. Nxb7 Nb4 19. Qd4 f3 20. gxf3 Rab8 21. Nc5 Qg6+ 22. Qg4 Qc6 23. Nd7 f5 24. Nxb8 Rxb8 25. Qf4 Rf8 26.
a3 Nd3 27. Qd4 Qxf3 28. Qd5+ Qxd5 29. cxd5 Rd8 30. Rab1 Rxd5 31. Rb7 Ra5 32. Rd1 Rxa3 33. Rd7 Nf4 34. Rb1 h6 35. Rb8+ Kh7 36. Rb1 Kg6 37.
h4 Rh3 38. Rbb7 Rxh4 39. Rxg7+ Kh5 40. Rxa7 Rg4+ 41. Rxg4 fxg4 42. Ra6 Kg5 43. Ra5+ Kg6 44. Kh2 Nh5 45. Kg2 Nf6 46. Kg3 Ne4+ 47. Kxg4 Nxf2+ 48. Kf4 Nd3+ 49. Kg4 Nf2+ 50. Kh4 h5 51. Ra6+ Kf5 52. Kxh5 Ne4 53. Ra8 Ke5 54. Kg4 Nf6+ 55. Kf3 Kf5 56. Ra5+ Ke6 57. Kf4 Nd5+ 58. Kg5 Ke5 59. Ra8 Ke6 60. Kg4 Ke5 61. Kf3 Kd4 62. Rd8 Ke5 63. Ke2 Ke4 64. Re8+ Kd4 65. Rd8 Ke4 66. Kd2 Kd4 67.
Rd7 Kc4 68. Rh7 Kd4 69. Rh4+ Ke5 70. Kd3 Nf4+ 71. Kd2 Ke4 72. Rh1 Kf3 73. Rf1+ Ke4 74. Ra1 Kd4 75. Ra4+ Ke5 76. Ke3 Nd5+ 77. Kf3 Kf5 78.
Re4 Nf6 79. Rb4 Ke5 80. Ke3 Nd5+ 81. Kd3 Nxb4+ 1/2-1/2

[Event "Early-Titled-Tuesday-Blitz-October-17-2023"]
[Site "Chess.com"]
[Date "2023.10.17"]
[Round "1"]
[White "Schattman"]
[Black "BlueWizzard"]
[Result "0-1"]
[WhiteElo "2486"]
[BlackElo "2828"]
[TimeControl "180+1"]
[EndTime "8:08:45 PDT"]
[Termination "BlueWizzard won on time"]

1. d4 g6 2. e4 d5 3. Nc3 dxe4 4. Nxe4 Bg7 5. Be3 Nh6 6. Bb5+ c6 7. Bc4 Nf5 8. c3 O-O 9. Bf4 Nd7 10. Nf3 Nb6 11. Bb3 a5 12. a4 Nd5 13. Bd2 Nd6 14.
Nxd6 Qxd6 15. O-O c5 16. Bg5 cxd4 17. Nxd4 Nf6 18. Nb5 Qc5 19. Be3 Qc6 20. Nd4 Qe4 21. Qf3 Qxf3 22. Nxf3 Bd7 23. Rfd1 Bg4 24. h3 Bxf3 25.
gxf3 Rfc8 26. Rd2 Rab8 27. Bf4 Ra8 28. Be3 Nh5 29. Rd7 Bf6 30. Rxb7 Rab8 31. Rxb8 Rxb8 32. Ra3 e6 33. Bc4 Rxb2 34. Bb5 Be5 35. c4 Rc2 36. Rd3 Nf4 37. Bxf4 Bxf4 38. Kg2 Kg7 39. Kf1 Bc7 40. Re3 Bb6 41. Re2 Rc3 42. Kg2 Kf6 43.
Rb2 Bd4 44. Rd2 e5 45. Re2 Kf5 46. Bd7+ Kg5 47. Bb5 h6 48. Ba6 Kf4 49. Re4+ Kf5 50. Re2 Ke6 51. Bc8+ Kd6 52. Ba6 Kc5 53. Bb5 Kb4 54.
Rb2+ Kc5 55. Re2 Rd3 56. Rc2 Rd1 57. Re2 Kb4 58. Rc2 Kb3 59. Re2 Rc1 60. Rd2 Kc3 61. Ra2 Rb1 62. Re2 Kd3 63. Ra2 Bc5 64. Kh2 f5 65. Kg2 g5 66. Kh2 h5 67. Kg2 g4 68.
fxg4 hxg4 69. hxg4 fxg4 70. Kh2 e4 71. Kg2 Re1 72.
Kh2 Re2 73. Rxe2 Kxe2 74. Kg2 Bxf2 75. Bd7 Bc5 76. Bxg4+ Kd2 77. Kf1 Kc3 78. Be2 Kb4 79. Ke1 Kxa4 80. Kd1 Kb3 81. Kc1 a4 82. Kb1 Kc3 83.
Bd1 a3 84. Ka2 Kd2 85. Bb3 e3 0-1

[Event "Early-Titled-Tuesday-Blitz-October-17-2023"]
[Site "Chess.com"]
[Date "2023.10.17"]
[Round "1"]
[White "Man-Chuk"]
[Black "tusplingher"]
[Result "0-1"]
[WhiteElo "2786"]
[BlackElo "2479"]
[TimeControl "180+1"]
[EndTime "8:08:46 PDT"]
[Termination "tusplingher won by resignation"]

1. e4 c5 2. Nf3 d6 3. Bb5+ Bd7 4.
Bxd7+ Qxd7 5. c4 g6 6. d4 cxd4 7. Nxd4 Bg7 8. O-O Nc6 9. Be3 Nf6 10. f3 O-O 11. Nc3 Rac8 12. b3 a6 13. Rc1 Nxd4 14.
Bxd4 b5 15. cxb5 axb5 16. a4 bxa4 17. bxa4 Rc4 18. Nb5 Rfc8 19. Rxc4 Rxc4 20. Qb3 Qc6 21.
Bf2 Nd7 22. a5 Rc1 23. Be3 Rxf1+ 24. Kxf1 Qa6 25. Qa4 Bc3 26. Kf2 Bxa5 27. Qb3 Bb6 28. Nd4 Qa7 29. Qc3 Bc5 30. Kg3 Qa3 31. Qxa3 Bxa3 32.
Nc6 Kf8 33. h4 h5 34. Bh6+ Ke8 35. Bg5 e6 36. Bd2 Bc5 37. Kh3 Bb6 38. g4 hxg4+ 39. fxg4 Ne5 40. Nxe5 dxe5 41. h5 gxh5 42. gxh5 Kf8 43.
Kg4 Kg7 44. h6+ Kg6 45. Bc1 Bc5 46. Kf3 Bf8 47. Bb2 f6 48. Bc1 Bxh6 49. Ba3 Bf4 50.
Bd6 Kg5 51. Be7 Kg6 52. Bd6 Kh5 53. Be7 f5 54. Bc5 Kh4 55. Bb4 Kh5 56. Bc5 Kg6 57.
Bb4 Kf7 58. Ke2 Ke8 59. Kd3 Kd7 60. Ba3 Kc6 61. Bb2 Kc5 62. Bc3 Kb5 63. Be1 Ka4 64. Bh4 Kb3 65. Be1 Ka2 66. Bb4 Kb1 67. Ba3 Bg3 68. Bb4 Kc1 69. Ba5 Kd1 70. Bb4 Be1 71.
Bd6 Bg3 72. Bb4 f4 73. Bc5 f3 74. Bb6 f2 75. Bxf2 Bxf2 76. Kc3 Ke2 0-1

[Event "Early-Titled-Tuesday-Blitz-October-17-2023"]
[Site "Chess.com"]
[Date "2023.10.17"]
[Round "1"]
[White "Road2GM3000"]
[Black "LeRoidesChampions"]
[Result "1/2-1/2"]
[WhiteElo "2424"]
[BlackElo "2695"]
[TimeControl "180+1"]
[EndTime "8:08:51 PDT"]
[Termination "Game drawn by repetition"]

1. d4 Nf6 2. c4 e6 3. Nc3 Bb4 4. Nf3 O-O 5. Bg5 h6 6. Bh4 d5 7. e3 Nbd7 8. cxd5 exd5 9. Bd3 c6 10. O-O Re8 11. Rc1 Bd6 12. Bb1 a6 13. Qd3 Nf8 14. a3 Bg4 15. Kh1 Ng6 16. Bg3 Bxg3 17. hxg3 Ne4 18.
Qc2 Bf5 19. Qe2 Nxc3 20. bxc3 Bxb1 21. Rxb1 b5 22. Rb2 Qa5 23. Rb3 Qa4 24. Rfb1 Re6 25.
Qb2 Qc4 26. Qc2 a5 27. Qd1 a4 28. R3b2 Qxc3 29. Ra2 Re7 30. Ne1 c5 31. dxc5 Qxc5 32. Nd3 Qc4 33. Rc2 Qe4 34. Rxb5 d4 35. Rb4 Rd8 36.
Rcc4 Qe6 37. Rxd4 Rc8 38. Rxa4 Rec7 39. Kh2 Ne5 40. Nxe5 Qxe5 41. Rd8+ Rxd8 42. Qxd8+ Kh7 43. Ra8 Qh5+ 44. Qh4 Qd5 45. Ra4 f5 46. Qf4 Rc1 47. Rd4 Qf7 48. Rb4 Qh5+ 49. Qh4 Qd1 50. g4 Qg1+ 51. Kg3 Rc2 52. Kf3 Qd1+ 53. Kg3 Qd6+ 54. Kh3 fxg4+ 55. Rxg4 Rc5 56. Qg3 Rh5+ 57. Rh4 Qe6+ 58.
Qg4 Rxh4+ 59. Kxh4 Qe7+ 60. Kg3 Qxa3 61. Qe4+ Kh8 62.
Qe8+ Kh7 63. Qe4+ Kh8 64. Qf4 Qe7 65. f3 Kh7 66. e4 Qa3 67. Qf5+ Kh8 68. Kg4 Qe3 69.
e5 Qe2 70. Kg3 Qe1+ 71. Kh3 Qh1+ 72. Kg3 Qe1+ 73. Kh3 Qh1+ 74. Kg3 Qe1+ 1/2-1/2